 Dungeon Crawl Stone Soup version 0.26-a0-812-g31a745ddcd (webtiles) character file.

Game seed: 7939684182924857772

2470 kae the Grappler (level 9, -4/52 HPs)
             Began as a Tengu Transmuter on Nov 23, 2020.
             Slain by a gnoll sergeant
             ... wielding a +0 spear
              (8 damage)
             ... on level 6 of the Dungeon.
             The game lasted 00:07:38 (9556 turns).

kae the Grappler (Tengu Transmuter)                 Turns: 9556, Time: 00:07:39

Health: -4/52      AC:  2    Str: 15    XL:     9   Next: 51%
Magic:  0/17       EV: 29    Int: 13    God:
Gold:   366        SH:  0    Dex: 19    Spells: 13/17 levels left

rFire    + . .     SeeInvis .     - Unarmed
rCold    x . .     Faith    .   (shield currently unavailable)
rNeg     . . .     Spirit   +   (armour currently unavailable)
rPois    x         Reflect  .   (helmet currently unavailable)
rElec    .         Harm     .   (cloak currently unavailable)
rCorr    .         Rampage  .   (gloves currently unavailable)
MR       .....                  (boots unavailable)
Stlth    ++........             k - amulet of guardian spirit
HPRegen  0.17/turn              n - ring of fire
MPRegen  0.15/turn              (no ring)

@: spider-form, flying quickly and evasively, hasted, very quick
A: tiny, able to fly
a: Stop Flying, End Transformation


You were on level 6 of the Dungeon.
You were a venomous arachnid creature.
You visited 1 branch of the dungeon, and saw 6 of its levels.

You collected 366 gold pieces.

Inventory:

Armour
 a - a +1 robe (melded)
Jewellery
 k - an amulet of guardian spirit (around neck)
 n - a ring of fire (left front leg)
 r - an uncursed amulet of magic regeneration {unknown}
 u - an uncursed ring of see invisible {unknown}
Wands
 c - a wand of polymorph (4)
 s - a wand of acid (1)
 t - a wand of digging (5)
Scrolls
 e - a scroll of enchant armour
 f - 2 scrolls of blinking
 g - 4 scrolls of remove curse
 h - 2 scrolls of teleportation
 i - 3 scrolls of magic mapping
 q - a scroll of enchant weapon
 w - 4 scrolls of identify
Potions
 b - a potion of resistance {unknown}
 d - a potion of magic
 j - 2 potions of haste
 l - 2 potions of brilliance
 m - a potion of berserk rage
 o - 3 potions of attraction
 p - a potion of cancellation
 v - a potion of lignification {unknown}
 x - a potion of heal wounds {unknown}


   Skills:
 + Level 4.7 Fighting
 + Level 5.5 Dodging
 * Level 8.0 Unarmed Combat
 + Level 4.7 Spellcasting
 * Level 5.8 Transmutations


You had 13 spell levels left.
You knew the following spells:

 Your Spells              Type           Power        Failure   Level
a - Beastly Appendage     Tmut           ###...       8%          1
b - Spider Form           Tmut/Pois      ##........   36%         3

Your spell library contained the following spells:

 Spells                   Type           Power        Failure   Level
 Wereblood                Tmut           ###.....     10%         2
 Magic Dart               Conj           #...         38%         1
 Blink                    Tloc           N/A          50%         2
 Call Imp                 Summ           #.......     50%         2
 Searing Ray              Conj           #.....       50%         2
 Slow                     Hex            #.......     50%         2
 Blade Hands              Tmut           ###.......   65%         5
 Conjure Flame            Conj/Fire      #.......     71%         3
 Dazzling Flash           Conj/Hex       #.....       71%         3
 Mephitic Cloud           Conj/Pois/Air  #.......     71%         3
 Ice Form                 Ice/Tmut       ##......     71%         4
 Fulminant Prism          Conj/Hex       #.........   96%         4
 Iskenderun's Mystic Bla  Conj/Tloc      #.......     96%         4
 Summon Lightning Spire   Summ/Air       #.......     96%         4
 Silence                  Hex/Air        #.........   100%        5
 Conjure Ball Lightning   Conj/Air       #.........   100%        6
 Tornado                  Air            #.........   100%        9


Dungeon Overview and Level Annotations

Branches:
Dungeon (6/15)
 Temple: D:4-7

Altars:
Ashenzari
Cheibriados
Gozag
Hepliaklqana
Kikubaaqudgha
Nemelex Xobeh
Okawaru
Sif Muna


Innate Abilities, Weirdness & Mutations

((You have a beak for a mouth.))
((You have claws for feet.))
You can fly continuously.


Message History

The hound bites you. The gnoll sergeant closely misses you.
The hound bites you.
You bite the hound!
You kill the hound!
The gnoll sergeant misses you.
You see here a hound corpse.
You bite the gnoll!
The gnoll is poisoned.
The gnoll is almost dead.
The gnoll completely misses you.
You bite the gnoll!
You kill the gnoll!
The gnoll sergeant hits you with a +0 spear!
* * * LOW HITPOINT WARNING * * *
You hit the gnoll sergeant.
The gnoll sergeant is poisoned.
The gnoll sergeant is lightly wounded.
The gnoll sergeant hits you with a +0 spear.
* * * LOW HITPOINT WARNING * * *
It was a potion of haste.
You feel yourself speed up.
The gnoll sergeant hits you with a +0 spear!
You die...

#.## ##....## ##............#
#..###.≈..≈.###...##.........
#...##.≈.g≈.##...............
###.##.≈..≈.##.).............
#.##.≈..≈.##...............
#.##.≈..≈g##.......#..#.#..
##.##.≈.(≈.##..#....##...#.#
#[..###(.###...##...##.#...#
#...(.....(s...####.#....#..
#.##(8....8g#### #.......#..
#. #........# #.......... #.
########.# #........#.. #.
..# ..........##. #. .##
............. #.
......##..... ##
......##..... #..###.....#


You could see a gnoll sergeant (very poisoned).

Vanquished Creatures
  Pikel (D:6)
  An ice beast (D:6)
  2 sky beasts (D:6)
  An orc warrior (D:6)
  3 ogres
  2 centaurs
  2 wolves
  2 bullfrogs (D:6)
  A gnoll sergeant (D:6)
  A killer bee (D:6)
  A howler monkey (D:5)
  7 hounds
  A jelly (D:6)
  2 orc priests (D:6)
  3 orc wizards
  An iguana (D:3)
  A worker ant (D:4)
  A killer bee zombie (D:6)
  17 gnolls
  6 adders
  A white imp (D:5)
  An ufetubus (D:5)
  An ooze (D:3)
  2 worms (D:2)
  A dart slug (D:1)
  6 leopard geckos
  13 orcs
  7 giant cockroaches
  10 goblins
  7 hobgoblins
  7 jackals
  5 kobolds
  A quokka (D:4)
  A ball python (D:2)
  9 bats
  2 frilled lizards (D:2)
  A jackal zombie (D:6)
  8 rats
139 creatures vanquished.

Vanquished Creatures (others)
  A plant (D:4)
1 creature vanquished.

Grand Total: 140 creatures vanquished

Notes
Turn   | Place    | Note
-------+----------+-------------------------------------------
     0 | D:1      | kae the Tengu Transmuter began the quest for the Orb.
     0 | D:1      | Reached XP level 1. HP: 12/12 MP: 4/4
   496 | D:1      | Reached XP level 2. HP: 13/16 MP: 4/6
  1682 | D:2      | Reached XP level 3. HP: 17/20 MP: 5/7
  1753 | D:2      | Learned a level 3 spell: Spider Form
  1983 | D:2      | Noticed an ogre
  1991 | D:2      | Killed an ogre
  1991 | D:2      | Reached skill level 4 in Unarmed Combat
  1991 | D:2      | Reached XP level 4. HP: 26/26 MP: 6/8
  1991 | D:2      | Gained mutation: You can fly continuously. [Tengu growth]
  1991 | D:2      | Reached XP level 5. HP: 30/30 MP: 6/9
  2386 | D:2      | Found a faded altar of an unknown god.
  2668 | D:2      | Found a sparkling altar of Nemelex Xobeh.
  3368 | D:3      | Found a hazy altar of Hepliaklqana.
  3602 | D:3      | Noticed a centaur
  4476 | D:3      | Killed a centaur
  4476 | D:3      | Reached XP level 6. HP: 36/36 MP: 7/11
  4865 | D:3      | Reached skill level 5 in Unarmed Combat
  5182 | D:4      | Found an iron altar of Okawaru.
  5219 | D:4      | Found an opulent altar of Gozag.
  5228 | D:4      | Reached XP level 7. HP: 25/40 MP: 10/12
  5703 | D:5      | Entered Level 5 of the Dungeon
  6603 | D:5      | Found a shimmering blue altar of Sif Muna.
  7491 | D:6      | Reached skill level 6 in Unarmed Combat
  7495 | D:6      | Reached XP level 8. HP: 18/46 MP: 4/14
  8591 | D:6      | Noticed Pikel
  8618 | D:6      | Killed Pikel
  8618 | D:6      | Reached skill level 5 in Dodging
  8618 | D:6      | Reached skill level 7 in Unarmed Combat
  8618 | D:6      | Reached skill level 5 in Transmutations
  8618 | D:6      | Reached XP level 9. HP: 44/52 MP: 12/16
  8695 | D:6      | Found a snail-covered altar of Cheibriados.
  8695 | D:6      | Found a broken altar of Ashenzari.
  8866 | D:6      | Found an ancient bone altar of Kikubaaqudgha.
  9407 | D:6      | Reached skill level 8 in Unarmed Combat
  9556 | D:6      | Slain by a gnoll sergeant

Illustrated notes

Levels and vault maps discovered:
D:1:      matt_arrival_spirals, layout_loops_corners
D:2:      layout_loops_ring, lemuel_doored_altar,
          chequers_ecumenical_altar_simple_redux, kennysheep_generic_room_12
D:3:      layout_basic, overflow_temple_1_default
D:4:      layout_basic, old_standard_altar, lemuel_round_altar,
          serial_bayou_lagoon_b
D:5:      layout_loops_ring, tgw_sif
D:6:      layout_cave_pools, overflow_temple_1_default,
          nicolae_overflow_hidden_temple, minmay_temple_entry_nine_rooms,
          serial_gnoll_camp, gnoll_camp_mini_doghouse, gnoll_camp_mini_hut,
          gnoll_camp_huts_moat, gnoll_camp_medium_01, gnoll_camp_mini_hut,
          minmay_starry_boxes, uniq_pikel

Skill      XL: |  1  2  3  4  5  6  7  8  9 |
---------------+----------------------------+-----
Transmutations | 2 3 4 5 |  5.8
Unarmed Combat | 4 5 6 7 8 |  8.0
Fighting       | 2 3 4 |  4.7
Dodging        | 3 4 5 |  5.5
Spellcasting   | 3 4 |  4.7

Action                   |  1- 3 |  4- 6 |  7- 9 || total
-------------------------+-------+-------+-------++-------
Melee: Unarmed           |    64 |   119 |   242 ||   425
       Headbutt          |     7 |    12 |    13 ||    32
       Kick              |    11 |    26 |    22 ||    59
       Peck              |    11 |    13 |     9 ||    33
       Punch             |       |       |     1 ||     1
 Cast: Beastly Appendage |    21 |    32 |    15 ||    68
       Spider Form       |       |     7 |    19 ||    26
 Abil: Fly               |       |     1 |       ||     1
Evoke: Wand              |       |       |     2 ||     2
  Use: Scroll            |       |    12 |     4 ||    16
       Potion            |       |       |     1 ||     1
Armor: Robe              |     7 |    21 |    12 ||    40
       Skin              |       |       |     8 ||     8
Dodge: Dodged            |    46 |   121 |   400 ||   567

Table legend: (Time is in decaauts)
 A = Elapsed time spent in this place.
 B = Non-inter-level travel time spent in this place.
 C = Inter-level travel time spent in this place.
 D = Time resting spent in this place.
 E = Time spent auto-exploring this place.
 F = Levels seen in this place.
 G = Mean time per level.
                   A        B        C        D        E       F      G
               +--------+--------+--------+--------+--------+-----+--------+
         Total |   9296 |   9193 |    103 |   1515 |   6621 |   6 | 1549.3 |
       Dungeon |   9296 |   9193 |    103 |   1515 |   6621 |   6 | 1549.3 |
               +--------+--------+--------+--------+--------+-----+--------+

Top non-repeatable levels by time:
     D:5: 2405 daAuts
     D:2: 2273 daAuts
     D:1: 1639 daAuts
     D:6: 1328 daAuts
     D:3: 1046 daAuts
     D:4: 603 daAuts
